 Dungeon Crawl Stone Soup version 0.30-a0-920-g7493c07aab (webtiles) character file.

Game seed: 17719480502648227528

11050 BigDaddyOpFi the Destroyer (level 11, -1/111 HPs)
             Began as a Green Draconian Earth Elementalist on Mar 21, 2023.
             Was a Believer of Vehumet.
             Slain by a sun demon (19 damage)
             ... summoned by a kobold demonologist
             ... on level 11 of the Dungeon.
             The game lasted 00:19:40 (14241 turns).

BigDaddyOpFi the Destroyer (DrEE)                  Turns: 14241, Time: 00:19:40

Health: -1/111     AC: 13    Str: 16    XL:     11   Next: 44%
Magic:  1/20       EV:  2    Int: 23    God:    Vehumet [**....]
Gold:   575        SH:  0    Dex: 12    Spells: 11/22 levels left

rFire   . . .      SeeInvis .    s - +11 hand axe "Qagrairch" {flame, Int+3}
rCold   . . .      Faith    .    S - orb {*channel}
rNeg    . . .      Spirit   .    (body armour unavailable)
rPois   +          Reflect  .    (helmet currently unavailable)
rElec   .          Rampage  .    n - melded +2 cloak
rCorr   .          NoTele   +    b - melded +1 pair of gloves
Will    .....                    F - melded +0 pair of boots
Stlth   +++                      q - amulet of the acrobat
HPRegen 0.38/turn                r - ring of flight
MPRegen 0.17/turn                O - +6 ring of strength

@: short of breath, tree-form, corroded
A: stationary, stasis, torment immunity, boosted hp, (breathe noxious fumes), AC
+7, unfitting armour, (poison resistance), (cold-blooded), (talons 1), (cold
resistance 1)
a: Renounce Religion


You were on level 11 of the Dungeon.
You worshipped Vehumet.
Vehumet was pleased with you.
You were a tree.
You visited 2 branches of the dungeon, and saw 12 of its levels.
You also visited: Sewer.

You collected 575 gold pieces.

Inventory:

Hand Weapons
 s - the +11 hand axe "Qagrairch" (weapon) {flame, Int+3}
   (You took it off a kobold on level 3 of the Dungeon)

   Int:       It affects your intelligence (+3).
 B - the +1 long sword "Latileah" {protect, rPois}
   (You found it in a sewer)

   rPois:     It protects you from poison.
 I - the +8 trishula "Condemnation" {holy, anguish, *Noise Fly rN+}
   (You found it on level 5 of the Dungeon)

   rN:        It protects you from negative energy.
   Fly:       It grants you flight.
   *Noise:    It may make noises in combat.
 P - the +8 whip of Obsession {flame, Fragile Str+4}
   (You found it on level 9 of the Dungeon)

   Str:       It affects your strength (+4).
   Fragile:   It will be destroyed if unequipped.
Missiles
 G - 4 throwing nets
Armour
 b - a +1 pair of gloves (melded)
 n - a +2 cloak (melded)
 F - a +0 pair of boots (melded)
 S - an orb of energy (worn)
Jewellery
 p - a ring of magical power
 q - an amulet of the acrobat (around neck)
 r - a ring of flight (left branch)
 t - a ring of resist corrosion
 w - a ring of ice
 K - an amulet of guardian spirit
 M - an amulet of reflection
 O - a +6 ring of strength (right branch)
Wands
 h - a wand of acid (11)
 y - a wand of polymorph (13)
 E - a wand of paralysis (6)
 J - a wand of mindburst (11)
 R - a wand of flame (9)
Scrolls
 c - 3 scrolls of poison
 d - 4 scrolls of teleportation
 f - a scroll of silence
 l - 2 scrolls of immolation
 A - 2 scrolls of fear
 D - 2 scrolls of magic mapping
 H - 2 scrolls of blinking
 L - 2 scrolls of noise
 Q - a scroll of amnesia
Potions
 e - 5 potions of attraction
 g - 2 potions of resistance
 j - 2 potions of lignification
 k - 2 potions of haste {unknown}
 m - 2 potions of mutation
 o - 2 potions of flight {unknown}
 u - a potion of brilliance {unknown}
 v - a potion of berserk rage {unknown}
 x - a potion of ambrosia {unknown}
 z - 5 potions of degeneration
 C - 2 potions of curing


   Skills:
 + Level 6.1 Axes
 + Level 6.4 Dodging
 + Level 7.1 Stealth
 + Level 6.4 Spellcasting
 + Level 8.0 Conjurations
 - Level 2.7 Transmutations
 + Level 4.4 Air Magic
 - Level 6.5 Earth Magic
 - Level 5.6 Poison Magic
 * Level 2.1 Evocations


You had 11 spell levels left.
You knew the following spells:

 Your Spells              Type           Power      Damage    Failure   Level
a - Sandblast             Erth           74%        2d16      1%          1
b - Stone Arrow           Conj/Erth      80%        3d12      1%          3
c - Static Discharge      Conj/Air       72%        2-5/arc   1%          2
d - Arcjolt               Conj/Air       18%        1d28      17%         5

Your spell library contained the following spells:

 Spells                   Type           Power      Damage    Failure   Level
 Passwall                 Tmut/Erth      23%        N/A       1%          2
 Momentum Strike          Conj/Tloc      50%        3d9       2%          2
 Slow                     Hex            28%        N/A       9%          1
 Vhi's Electric Charge    Tloc/Air       34%        N/A       10%         3
 Blink                    Tloc           14%        N/A       12%         2
 Lesser Beckoning         Tloc           14%        N/A       12%         2
 Petrify                  Tmut/Erth      28%        N/A       12%         4
 Confusing Touch          Hex            7%         N/A       24%         3
 Vampiric Draining        Necr           7%         2d6       24%         3
 Summon Forest            Summ/Tloc      3%         N/A       92%         5
 Summon Mana Viper        Hex/Summ       7%         N/A       92%         5
 Summon Cactus Giant      Summ           3%         N/A       100%        6
 Maxwell's Capacitive Co  Air            13%        ∞         100%        8


Dungeon Overview and Level Annotations

Branches:
Dungeon (11/15)            Temple (1/1) D:7             Orc (0/2) D:9
  Sewer (visited)
   Lair: D:8-11

Altars:
Ashenzari
Cheibriados
Dithmenos
Elyvilon
Fedhas
Gozag
Hepliaklqana
Kikubaaqudgha
Makhleb
Nemelex Xobeh
Okawaru
Qazlal
Ru
Sif Muna
Trog
Uskayaw
Vehumet
Wu Jian
Xom
Yredelemnul
Zin
The Shining One

Shops:
D:2 :   D:6 [   D:11 ?

Annotations:
D:4 2 transporters
D:5 3 runed translucent doors, cforsyth's ghost, novice HuWn


Innate Abilities, Weirdness & Mutations

You are a tree.
Your roots penetrate the ground, keeping you stationary.
You cannot be teleported.
You are immune to unholy pain and torment.
Your maximum health is greatly increased.
Your equipment is partially melded.
((You can breathe blasts of noxious fumes.))
((Your lurid green scales are hard. (AC +7)))
You cannot fit into any form of body armour.
((Your system is resistant to poisons. (rPois)))
((You are cold-blooded and may be slowed by cold attacks.))
((You have sharp toenails.))
((Your flesh is cold resistant. (rC+)))


Message History

Really quaff the potion of lignification?
You turn into a tree.
Your +2 cloak melds into your body.
Your +1 pair of gloves melds into your body.
Your +0 pair of boots melds into your body.
Your roots penetrate the ground.
The sun demon hits you!
You are engulfed in flames!
The kobold brigand is engulfed in noxious fumes.
The kobold brigand appears confused.
The kobold demonologist barely misses the kobold brigand.
The kobold demonologist is engulfed in noxious fumes.
The kobold demonologist hits the rust devil but does no damage.
The kobold demonologist hits itself but does no damage.
You hit the sun demon but do no damage.
The sun demon is moderately wounded.
The sun demon barely misses you.
The kobold brigand hits the rust devil with a +0 short sword!
The kobold brigand hits itself with a +0 short sword.
You hit the sun demon but do no damage.
The sun demon is moderately wounded.
The sun demon hits you!
You are engulfed in flames!!
* * * LOW HITPOINT WARNING * * *
The kobold demonologist hits the kobold with a +0 dagger.
The kobold is killed!
Vehumet accepts your kill.
The kobold demonologist hits the sun demon but does no damage.
The sun demon hits you but does no damage.
You hit the sun demon but do no damage.
The sun demon is moderately wounded.
The kobold demonologist seems less confused.
The kobold brigand barely misses the ufetubus.
The kobold demonologist hits the kobold brigand with a +0 dagger.
The sun demon hits you but does no damage.
You feel much better. The sun demon hits you.
You are engulfed in flames!!
* * * LOW HITPOINT WARNING * * *
The kobold demonologist closely misses the kobold brigand.
The kobold demonologist barely misses itself.
You feel better. The sun demon hits you!
* * * LOW HITPOINT WARNING * * *
You are engulfed in flames!!
You die...

#...............^..
#####.........#####
#.........#
######.....####
#..........#...
#..........#..# #####
#..........#..#.5$...
#..........#.>#4KK...
#...######.#.♣3K..)..
#...# #.#..#5K.K..
#...# #.#..#######
###.# #.#.........
#.# #.'......... #.#
#.##########
#.######.....
#............
#...........


You could see a sun demon (summoned), a rust devil (summoned), 3 kobold
demonologists, 2 kobold brigands, a quasit (summoned) and an ufetubus
(summoned).

Vanquished Creatures
  Erolcha (D:10)
  A boulder beetle (D:11)
  An ugly thing (D:11)
  A polar bear (D:10)
  A troll (D:9)
  A hornet (D:11)
  Prince Ribbit (D:6)
  14 yaks
  A wraith (D:11)
  5 wyverns
  2 steam dragons
  4 vampire mosquitoes
  Menkaure (D:6)
  A water moccasin (D:9)
  2 orc warriors
  3 black bears
  3 ice beasts (D:10)
  2 sky beasts
  7 centaurs
  5 kobold brigands
  4 phantoms
  7 bullfrogs
  A gnoll sergeant (D:7)
  2 scorpions (D:5)
  13 killer bees
  4 howler monkeys
  3 electric eels
  3 hounds
  2 jellies
  3 orc priests
  2 gnoll boudas
  Jessica (D:2)
  3 iguanas
  Natasha (twice) (D:2)
  9 orc wizards
  A centaur simulacrum (D:10)
  18 gnolls
  15 adders
  8 white imps
  A howler monkey simulacrum (D:10)
  2 ufetubi (D:10)
  6 worms
  2 dart slugs
  40 orcs
  7 ball pythons
  9 bats
  9 endoplasms
  4 giant cockroaches
  8 hobgoblins
  5 quokkas
  10 frilled lizards
  5 goblins
  32 kobolds
  6 rats
304 creatures vanquished.

Vanquished Creatures (others)
  6 plants (D:4)
6 creatures vanquished.

Grand Total: 310 creatures vanquished

Notes
Turn   | Place    | Note
-------+----------+-------------------------------------------
     0 | D:1      | BigDaddyOpFi the Draconian Earth Elementalist began the
                  | quest for the Orb.
     0 | D:1      | Reached XP level 1. HP: 14/14 MP: 3/3
   207 | D:1      | Reached XP level 2. HP: 7/20 MP: 0/5
  1127 | D:2      | Noticed Natasha
  1131 | D:2      | Killed Natasha
  1132 | D:2      | Reached XP level 3. HP: 19/26 MP: 2/6
  1226 | D:2      | Noticed Jessica
  1229 | D:2      | Killed Jessica
  1230 | D:2      | Reached XP level 4. HP: 33/33 MP: 4/7
  1887 | D:2      | Found Vek Eku's Book Shop.
  1924 | D:2      | Noticed Natasha
  1929 | D:2      | Killed Natasha
  2333 | D:3      | Noticed a phantom
  2343 | D:3      | Killed a phantom
  2344 | D:3      | Reached XP level 5. HP: 35/38 MP: 0/9
  2436 | D:3      | Identified the +11 hand axe "Qagrairch" {flame, Int+3}
  2708 | D:3      | Reached XP level 6. HP: 35/45 MP: 8/10
  3241 | D:3      | Learned a level 3 spell: Stone Arrow
  3247 | D:4      | Reached skill level 1 in Axes
  3255 | D:4      | Reached skill level 1 in Conjurations
  3445 | D:4      | You are sucked into a shaft and drop 2 floors!
  3503 | D:6      | Noticed Menkaure
  3522 | D:6      | Your scales start taking on a lurid green colour.
  3522 | D:6      | Reached XP level 7. HP: 50/50 MP: 2/12
  3522 | D:6      | Gained mutation: Your system is resistant to poisons.
                  | (rPois) [Green Draconian growth]
  3659 | D:6      | Reached skill level 2 in Conjurations
  3673 | D:6      | Reached skill level 1 in Poison Magic
  3708 | D:6      | Found a glowing drain.
  3719 | Sewer    | Entered a sewer
  3882 | Sewer    | Identified the +1 long sword "Latileah" {protect, rPois}
  4137 | D:6      | Killed Menkaure
  4138 | D:6      | Reached skill level 3 in Conjurations
  4138 | D:6      | Reached XP level 8. HP: 57/57 MP: 0/13
  4269 | D:6      | Found Ocelas's Armour Boutique.
  4281 | D:6      | Identified the +1 helmet "Zeng" {rF+}
  4487 | D:6      | Noticed Prince Ribbit
  4493 | D:6      | Killed Prince Ribbit
  4494 | D:6      | Reached skill level 5 in Earth Magic
  4849 | D:6      | Reached skill level 4 in Conjurations
  4989 | D:5      | Entered Level 5 of the Dungeon
  5534 | D:5      | Found a white marble altar of Elyvilon.
  5534 | D:5      | Found a glowing golden altar of the Shining One.
  5534 | D:5      | Found a glowing silver altar of Zin.
  5595 | D:5      | Found a runed translucent gate.
  5595 | D:5      | Found a runed translucent gate.
  5595 | D:5      | Found a runed translucent gate.
  5596 | D:5      | Found an opulent altar of Gozag.
  5598 | D:5      | Noticed cforsyth's ghost (novice HuWn)
  5772 | D:5      | Reached XP level 9. HP: 58/62 MP: 1/15
  5977 | D:5      | Reached skill level 5 in Conjurations
  6391 | D:4      | Reached skill level 5 in Stealth
  6794 | D:4      | Identified the +6 trident "Haiwus" {vamp, rElec rPois MP+9
                  | Str+3}
  6794 | D:4      | Identified the -1 buckler of Analysis {rPois rF+ rN+
                  | Regen+}
  6826 | D:4      | Found a transporter.
  6826 | D:4      | Found a transporter.
  7297 | D:5      | Found the +8 trishula "Condemnation" {holy, anguish, *Noise
                  | Fly rN+}
  8234 | D:7      | Found a staircase to the Ecumenical Temple.
  8259 | Temple   | Entered the Ecumenical Temple
  8968 | D:7      | Reached skill level 5 in Spellcasting
  9029 | D:7      | Reached skill level 6 in Conjurations
  9037 | D:7      | Reached skill level 5 in Dodging
  9330 | D:8      | Reached skill level 5 in Poison Magic
  9330 | D:8      | Reached XP level 10. HP: 38/69 MP: 3/17
  9507 | D:8      | Found an iron altar of Okawaru.
  9507 | D:8      | Found a bloodstained altar of Trog.
  9507 | D:8      | Found a basalt altar of Yredelemnul.
  9513 | D:8      | Found a sacrificial altar of Ru.
  9514 | D:8      | Found a hide-covered altar of Uskayaw.
  9515 | D:8      | Found a shadowy altar of Dithmenos.
  9515 | D:8      | Found a radiant altar of Vehumet.
  9516 | D:8      | Found a hazy altar of Hepliaklqana.
  9530 | D:8      | Found a snail-covered altar of Cheibriados.
  9532 | D:8      | Found a broken altar of Ashenzari.
  9535 | D:8      | Found a shimmering altar of Xom.
  9536 | D:8      | Became a worshipper of Vehumet
  9904 | D:8      | Reached skill level 7 in Conjurations
 10423 | D:8      | Reached skill level 5 in Axes
 10658 | D:9      | Gained mutation: You occasionally shout uncontrollably at
                  | your foes. [potion of mutation]
 10658 | D:9      | Gained mutation: You are strong-willed. (Will+) [potion of
                  | mutation]
 10659 | D:9      | Lost mutation: You occasionally shout uncontrollably at
                  | your foes. [potion of mutation]
 10659 | D:9      | Lost mutation: You are strong-willed. (Will+) [potion of
                  | mutation]
 10659 | D:9      | Gained mutation: You occasionally lose the ability to read
                  | scrolls when taking damage. [potion of mutation]
 10660 | D:9      | Lost mutation: You occasionally lose the ability to read
                  | scrolls when taking damage. [potion of mutation]
 10660 | D:9      | Gained mutation: You have sharp toenails. [potion of
                  | mutation]
 10660 | D:9      | Gained mutation: Your flesh is cold resistant. (rC+)
                  | [potion of mutation]
 10820 | D:9      | Identified the +5 falchion "Alidosk" {speed, +Blink rPois
                  | rF++ Dex-3}
 10929 | D:9      | Reached * piety under Vehumet
 10929 | D:9      | Offered knowledge of Foxfire by Vehumet.
 10934 | D:9      | Reached skill level 1 in Air Magic
 11248 | D:9      | Found a staircase to the Orcish Mines.
 11251 | D:9      | Identified the +8 whip of Obsession {flame, Fragile Str+4}
 11794 | D:10     | Entered Level 10 of the Dungeon
 12241 | D:10     | Reached XP level 11. HP: 27/74 MP: 0/20
 12309 | D:10     | Reached ** piety under Vehumet
 12450 | D:10     | Offered knowledge of Static Discharge by Vehumet.
 12457 | D:10     | Noticed Erolcha
 12464 | D:10     | Killed Erolcha
 13020 | D:10     | Found a sparkling altar of Nemelex Xobeh.
 13112 | D:10     | Learned a level 2 spell: Static Discharge
 13118 | D:10     | Learned a level 5 spell: Arcjolt
 13750 | D:11     | Found Xayrato's Magic Scroll Shop.
 13750 | D:11     | Noticed a boulder beetle
 13789 | D:11     | Killed a boulder beetle
 13790 | D:11     | Reached skill level 1 in Evocations
 13803 | D:11     | Noticed a red ugly thing
 13819 | D:11     | Killed a purple ugly thing
 13820 | D:11     | Reached skill level 8 in Conjurations
 14232 | D:11     | Noticed a sun demon
 14241 | D:11     | Slain by a sun demon

Illustrated notes

Levels and vault maps discovered:
D:1:      lemuel_arrival_room, layout_loops_corners, minivault_14, minmay_vboxes
D:2:      layout_basic, serial_shops, nicolae_shop_hallway_plus,
          kennysheep_nondescript, minmay_misc_feat_chi,
          amcnicky_mini_pool_small, uniq_jessica, uniq_natasha
D:3:      layout_basic
D:4:      layout_cave_pools, gammafunk_ghost_gnarly_gnolls
D:5:      layout_gridville, good_gods_mini_temple, ebering_ghost_gozag,
          kennysheep_decorative_pillar
D:6:      layout_gridville, cheibrodos_sewer_entry_bend,
          kennysheep_small_square, uniq_prince_ribbit1, uniq_menkaure
D:7:      layout_basic, minmay_temple_entry_enclosed_plants
D:8:      layout_loops_ring, nicolae_overflow_hallway_of_the_gods,
          nrook_pool_corridor
D:9:      layout_roguey, david_orc_2, nicolae_concentric_dashed_squares_wild
D:10:     layout_basic, nemelex_xobeh_ov_fountains_minmay, serial_ice,
          serial_ice_f, serial_ice_b, serial_ice_o, serial_ice_l, hex_tiny,
          nrook_uturn, moated_statue, lightli_orcish_oven, uniq_erolcha
D:11:     layout_irregular_city, erik_lair_orcish_takeover,
          kennysheep_windowed_goal
Temple:   nicolae_temple_great_sept

Skill      XL: |  1  2  3  4  5  6  7  8  9 10 11 |
---------------+----------------------------------+-----
Stealth        | 2 3 4 5 6 7 |  7.1
Dodging        | 2 3 4 5 6 |  6.4
Transmutations | 2 |  2.7
Spellcasting   | 3 4 5 6 |  6.4
Earth Magic    | 4 5 6 |  6.5
Axes           | 1 2 3 4 5 6 |  6.1
Conjurations   | 1 3 4 6 7 8 |  8.0
Poison Magic   | 2 3 5 |  5.6
Air Magic      | 3 4 |  4.4
Evocations     | 2 |  2.1

Action                     |  1- 3 |  4- 6 |  7- 9 | 10-12 || total
---------------------------+-------+-------+-------+-------++-------
  Melee: Falchion          |    12 |     5 |       |       ||    17
         Tailslap          |     2 |     4 |     8 |    15 ||    29
         Hand axe          |       |     9 |    86 |   130 ||   225
         Punch             |       |       |     1 |       ||     1
         Trishula          |       |       |    19 |       ||    19
   Cast: Sandblast         |    31 |    94 |    78 |    50 ||   253
         Stone Arrow       |       |       |    63 |   107 ||   170
         Arcjolt           |       |       |       |     2 ||     2
Ability: Breathe Noxious F |       |       |     1 |     5 ||     6
    Use: Scroll            |     4 |     7 |       |    12 ||    23
         Potion            |       |       |       |     9 ||     9
   Stab: Confused          |       |       |       |     3 ||     3
 Armour: Skin              |     9 |    31 |    77 |    77 ||   194
  Dodge: Dodged            |    22 |    39 |   181 |   199 ||   441

Table legend: (Time is in decaauts)
 A = Elapsed time spent in this place.
 B = Non-inter-level travel time spent in this place.
 C = Inter-level travel time spent in this place.
 D = Time resting spent in this place.
 E = Time spent auto-exploring this place.
 F = Levels seen in this place.
 G = Mean time per level.
                   A        B        C        D        E       F      G
               +--------+--------+--------+--------+--------+-----+--------+
         Total |  14422 |  13782 |    640 |   2163 |   9472 |  13 | 1109.4 |
       Dungeon |  13990 |  13353 |    637 |   2163 |   9174 |  11 | 1271.8 |
        Temple |     81 |     78 |      3 |      0 |     62 |   1 |   81.0 |
         Sewer |    350 |    350 |      0 |      0 |    236 |   1 |  350.0 |
               +--------+--------+--------+--------+--------+-----+--------+

Top non-repeatable levels by time:
     D:6: 1835 daAuts
     D:5: 1696 daAuts
     D:9: 1501 daAuts
    D:10: 1431 daAuts
     D:8: 1353 daAuts
     D:2: 1290 daAuts
     D:7: 1147 daAuts
     D:1: 1144 daAuts
     D:3: 993 daAuts
     D:4: 903 daAuts
    D:11: 693 daAuts
   Sewer: 350 daAuts
  Temple: 81 daAuts
